 Dungeon Crawl Stone Soup version 0.16-a0-1738-g5881244 (webtiles) character file.

84 vatarom the Twirler (level 4, -1/33 HPs)
             Began as a Demonspawn Gladiator on Oct 30, 2014.
             Was an Initiate of Qazlal.
             Killed from afar by Sigmund (10 damage)
             ... with a puff of flame
             ... on level 2 of the Dungeon.
             The game lasted 00:03:59 (1924 turns).

vatarom the Twirler (Demonspawn Gladiator)          Turns: 1924, Time: 00:03:59

Health: -1/33      AC:  3    Str: 16    XL:     4   Next: 24%
Magic:  4/4        EV: 12    Int: 10    God:    Qazlal [......]
Gold:   129        SH:  0    Dex: 13    Spells: 0 memorised, 3 levels left

rFire  . . .     SeeInvis .     a - +0 quarterstaff
rCold  . . .     Clarity  .     b - +0 leather armour
rNeg   . . .     SustAb   .     (no shield)
rPois  .         Gourm    .     (helmet restricted)
rElec  .         Spirit   .     (no cloak)
rCorr  .         Warding  .     (no gloves)
rMut   .         Stasis   .     (no boots)
MR     .....                    (no amulet)
Stlth  +.........               (no ring)
                                (no ring)

@: not resistant to hostile enchantments, very unstealthy
A: horns 1
a: Renounce Religion


You were on level 2 of the Dungeon.
You worshipped Qazlal.
Qazlal was noncommittal.
You were not hungry.

You visited 1 branch of the dungeon, and saw 2 of its levels.

You collected 129 gold pieces.

Inventory:

Hand weapons
 a - a +0 quarterstaff (weapon)
Missiles
 d - 3 throwing nets (quivered)
Armour
 b - a +0 leather armour (worn)
 c - a +0 helmet
Scrolls
 f - a scroll of remove curse
 j - 4 scrolls of identify
Comestibles
 g - 4 fruits
 l - a bread ration


   Skills:
 - Level 2.0 Fighting
 * Level 4.6 Staves
 - Level 1.7 Throwing
 - Level 2.6 Dodging


You had 3 spell levels left.
You didn't know any spells.

Dungeon Overview and Level Annotations

Branches:
Dungeon (2/15)

Altars:
Ashenzari
Elyvilon
Qazlal
Ru
Trog

Annotations:
D:2 Sigmund


Innate Abilities, Weirdness & Mutations

You have a pair of small horns on your head.


Message History

* * * LOW HITPOINT WARNING * * *
You sock something!
You hear some strange, mumbled words.
A puff of flame appears from out of thin air!
The puff of flame hits you!
* * * LOW HITPOINT WARNING * * *
Read which item? (? for menu, Esc to quit)
As you read the scroll of teleportation, it crumbles to dust.
You feel strangely unstable. Something barely misses you.
Your surroundings suddenly seem different.
You start resting.
You feel a little less agile now.
You start resting.
Sigmund appears from thin air!
Reactivating autopickup.
Sigmund is nearby!
Sigmund barely misses you. Sigmund gestures at you while chanting.
The puff of flame hits you!
You die...

.#.# #..........# #.##..##.###..
.#.####.##.#####.###.##..##.##..#
...........# #.............#
##.####.######### #..##.###.###.#
#.# #.# ##...## ..##.###†# #.#
#.# #.# ##.....##.........###.#
##.## #.# #.......##.##.........#
#...###.# #..._......##.......#.#
#.....#.# #.....@@#..# ######.#.#
#...#.#.####.....###{# #.#.#
#####.#.##.##...####.# #####....
#.#.##..#####<...# #.......#
#.#.......)..##### #.#######
#.#####..##### #.# #........# #.#
#######..### #.# #.....# #.#


You could see Sigmund.

Vanquished Creatures
  Ijyb (D:2)
  An adder (D:2)
  A worm (D:2)
  A ball python (D:2)
  2 giant cockroaches
  10 goblins
  3 hobgoblins (D:1)
  10 jackals
  2 quokkas (D:2)
  4 bats
  4 giant newts
  3 kobolds (D:2)
  6 rats
48 creatures vanquished.

Vanquished Creatures (others)
  A kobold (D:2)
1 creature vanquished.

Grand Total: 49 creatures vanquished

Notes
Turn   | Place    | Note
--------------------------------------------------------------
     0 | D:1      | vatarom, the Demonspawn Gladiator, began the quest for the Orb.
     0 | D:1      | Reached XP level 1. HP: 16/16 MP: 1/1
     2 | D:1      | Noticed an octopode
     4 | D:1      | Noticed a naga
     6 | D:1      | Noticed a vine stalker
     6 | D:1      | Noticed a dwarf
     8 | D:1      | Noticed a spriggan
    10 | D:1      | Noticed a vampire
    10 | D:1      | Noticed a human
    12 | D:1      | Noticed a demonspawn
    14 | D:1      | Noticed a merfolk
    14 | D:1      | Noticed a gargoyle
    16 | D:1      | Noticed a formicid
    16 | D:1      | Noticed a ghoul
    18 | D:1      | Noticed a draconian
    20 | D:1      | Noticed a felid
    20 | D:1      | Noticed a tengu
    22 | D:1      | Noticed an elf
    22 | D:1      | Noticed a demigod
    24 | D:1      | Noticed a troll
    24 | D:1      | Noticed a centaur
    26 | D:1      | Noticed a minotaur
    26 | D:1      | Noticed an ogre
    91 | D:1      | Reached skill level 3 in Staves
   152 | D:1      | Gained mutation: You have a pair of small horns on your head. [demonic ancestry]
   152 | D:1      | Reached XP level 2. HP: 6/22 MP: 2/2
   962 | D:2      | Found a sacrificial altar of Ru.
   965 | D:2      | Found a stormy altar of Qazlal.
   974 | D:2      | Found a bloodstained altar of Trog.
   988 | D:2      | Became a worshipper of Qazlal Stormbringer
  1096 | D:2      | Reached XP level 3. HP: 7/27 MP: 3/3
  1127 | D:2      | Found a white marble altar of Elyvilon.
  1456 | D:2      | Reached skill level 4 in Staves
  1548 | D:2      | Noticed Ijyb
  1557 | D:2      | Killed Ijyb
  1557 | D:2      | Reached XP level 4. HP: 4/33 MP: 4/4
  1861 | D:2      | Found a shattered altar of Ashenzari.
  1862 | D:2      | Noticed Sigmund
  1924 | D:2      | Killed from afar by Sigmund

Action                   |  1- 3 |  4- 6 || total
-------------------------+-------+-------++-------
Melee: Quarterstaff      |   122 |    24 ||   146
  Use: Scroll            |     4 |     1 ||     5
       Potion            |       |     4 ||     4
 Stab: Sleeping          |     1 |       ||     1
  Eat: Bread ration      |     1 |       ||     1
       Chunk             |     1 |       ||     1
